 Dungeon Crawl Stone Soup version 0.28-a0-662-g1651b1f1e0 (webtiles) character file.

Game seed: 550312232745844533

12824 jasper the Timeless (level 12, -3/86 HPs)
             Began as a Formicid Fighter on Oct 15, 2021.
             Was a High Priest of Cheibriados.
             Slain by a skeletal warrior (17 damage)
             ... led by a skeletal warrior
             ... on level 11 of the Dungeon.
             The game lasted 00:16:24 (13260 turns).

jasper the Timeless (Formicid Fighter)             Turns: 13260, Time: 00:16:24

Health: -3/86      AC: 12    Str: 37    XL:     12   Next: 25%
Magic:  21/21      EV: 11    Int: 21    God:    Cheibriados [*****.]
Gold:   104        SH: 24    Dex: 34    Spells: 11/11 levels left

rFire   . . .      SeeInvis +   A - +4 battleaxe
rCold   . . .      Faith    .   I - +1 tower shield {rN+}
rNeg    + . .      Spirit   .   d - +0 chain mail
rPois   .          Reflect  .   (helmet unavailable)
rElec   .          Harm     .   r - +0 cloak
rCorr   .          Rampage  .   k - +0 pair of gloves
Will    +....                   (no boots)
Stlth   ..........              (no amulet)
HPRegen 0.24/turn               E - +6 ring of dexterity
MPRegen 0.17/turn               z - +6 ring of dexterity

@: very slightly contaminated, very slow
A: permanent stasis, dig shafts and tunnels, antennae 3, four strong arms
a: Dig, Shaft Self, Renounce Religion, Bend Time, Temporal Distortion, Slouch,
Step From Time


You were on level 11 of the Dungeon.
You worshipped Cheibriados.
Cheibriados was extremely pleased with you.
You visited 1 branch of the dungeon, and saw 11 of its levels.
You also visited: Sewer.

You collected 521 gold pieces.
You spent 417 gold pieces at shops.

Inventory:

Hand Weapons
 a - a +0 war axe
 x - a +1 dire flail of draining
 y - a +0 broad axe
 A - a +4 battleaxe (weapon)
 G - a +0 battleaxe
Missiles
 h - 269 stones (quivered)
 i - 6 boomerangs
 j - 5 silver boomerangs
Armour
 b - a +0 scale mail
 c - a +0 buckler
 d - a +0 chain mail (worn)
 k - a +0 pair of gloves (worn)
 r - a +0 cloak (worn)
 t - a +0 kite shield
 H - a scarf of resistance
 I - a +1 tower shield of positive energy (worn)
Jewellery
 f - a ring of ice
 s - a ring of willpower
 z - a +6 ring of dexterity (right hand)
 E - a +6 ring of dexterity (left hand)
 F - a +4 ring of evasion
Wands
 g - a wand of flame (36)
 m - a wand of iceblast (5)
Scrolls
 n - a scroll of immolation
 p - 2 scrolls of magic mapping
 v - a scroll of fog
 w - 3 scrolls of amnesia
 D - a scroll of identify
Potions
 e - 3 potions of mutation
 l - 2 potions of flight
 o - 2 potions of berserk rage
 q - 3 potions of brilliance
 u - a potion of cancellation
 B - 2 potions of haste


   Skills:
 - Level 5.1 Fighting
 - Level 11.5 Axes
 - Level 5.0 Armour
 - Level 2.9 Dodging
 * Level 12.3 Shields
 - Level 13.0 Invocations


You had 11 spell levels left.
You didn't know any spells.
Your spell library contained the following spells:

 Spells                   Type           Power      Damage    Failure   Level
 Animate Skeleton         Necr           0%         N/A       75%         1
 Apportation              Tloc           0%         N/A       75%         1
 Summon Small Mammal      Summ           0%         N/A       75%         1
 Ensorcelled Hibernation  Hex/Ice        0%         N/A       86%         2
 Conjure Flame            Conj/Fire      0%         6-21      98%         3
 Ignite Poison            Fire/Tmut/Pois 0%         N/A       98%         3
 Tukima's Dance           Hex            0%         N/A       98%         3
 Sticky Flame             Conj/Fire      0%         2d3       100%        4


Dungeon Overview and Level Annotations

Branches:
Dungeon (11/15)            Temple (0/1) D:4            Lair (0/6) D:11
  Sewer (visited)
    Orc: D:9-12

Altars:
Ashenzari
Cheibriados
Dithmenos
Fedhas
Kikubaaqudgha
Makhleb
Nemelex Xobeh
Qazlal
Ru
Trog
Wu Jian
Yredelemnul

Shops:
D:3 *   D:4 !   D:6 *??*(   D:8 *

Annotations:
D:5 1 runed translucent door, HilariousDeathArtist's ghost, novice TeGl


Innate Abilities, Weirdness & Mutations

You cannot be hasted, slowed, berserked, paralysed or teleported.
You can dig through walls and to a lower floor.
You have a pair of large antennae on your head. (SInv)
Your four strong arms can wield two-handed weapons with a shield.


Message History

You strike the helpless skeletal warrior from behind!
You hit the skeletal warrior but do no damage.
You block the skeletal warrior's attack. x2
You slash the skeletal warrior!
The skeletal warrior is moderately damaged.
A nearby plant withers and dies.
You block the skeletal warrior's attack.
You strike the helpless skeletal warrior from behind!
You hit the skeletal warrior but do no damage.
The skeletal warrior is moderately damaged.
You block the skeletal warrior's attack.
Things that are here:
a +0 giant spiked club; a +0 giant club You flicker for a moment.
You block the skeletal warrior's attack.
The skeletal warrior hits you with a +0 halberd!!
* * * LOW HITPOINT WARNING * * *
You take 20 damage, and have 12/86 hp.
MASSIVE DAMAGE!!
You strike the helpless skeletal warrior from behind!
You slice the skeletal warrior!!
The skeletal warrior is heavily damaged.
You hit the plant.
The plant begins to die.
You block the skeletal warrior's attack.
You hit the skeletal warrior.
The skeletal warrior is heavily damaged.
You hit the plant.
You block the skeletal warrior's attack.
You barely miss the skeletal warrior.
The skeletal warrior is heavily damaged.
You slice the plant!!
The skeletal warrior hits the fungus with a +0 halberd!!
The fungus begins to die.
You catch the helpless skeletal warrior completely off-guard!
You slice the skeletal warrior!!
The skeletal warrior is almost destroyed.
You slice the plant!!
You flicker back into view.
A nearby plant withers and dies.
The skeletal warrior hits you with a +0 halberd!
You die...
P.P.P.P.PPPP...
P..P.PPP.PPP.P..

..P.PPPP.P.....P.
.....P>PPP.PPPPP..
.P.....PP.PPPP....
.P.P...P..P.PP.P.#
.P..P....PP.P.P..#
..PP..z@..PP....#
.....P..))).....#
...PP.PP†..P...#
.........††....#
.....P.P.P...<.#
........#####..#
##.$...## ##..#
#####. #..## ##
#..#


You could see a skeletal warrior.

Vanquished Creatures
  2 two-headed ogres
  2 skeletal warriors (D:11)
  A cyclops (D:8)
  A komodo dragon (D:11)
  A troll (D:10)
  A vampire (D:10)
  Sigmund (D:5)
  A shadow (D:10)
  4 yaks
  Grum (D:10)
  2 steam dragons
  Edmund (D:6)
  A water moccasin (D:6)
  5 orc warriors
  An ice beast (D:5)
  3 black bears (D:11)
  2 sky beasts
  A necrophage (D:6)
  2 wolves (D:10)
  2 centaurs
  5 kobold brigands
  5 bullfrogs
  2 gnoll sergeants
  A wyvern zombie (D:5)
  3 scorpions
  A wyvern skeleton (D:5)
  A water moccasin skeleton (D:5)
  11 killer bees (D:7)
  13 wights (D:9)
  2 centaur zombies
  8 orc priests
  A jelly (D:6)
  2 hounds
  A centaur skeleton (D:7)
  4 iguanas
  Terence (D:2)
  12 orc wizards
  A hound skeleton (D:5)
  12 adders
  7 gnolls
  An adder skeleton (D:4)
  5 dart slugs
  32 orcs
  9 bats
  10 endoplasms
  7 giant cockroaches
  5 hobgoblins
  13 jackals
  7 quokkas
  5 ball pythons
  A ball python zombie (D:3)
  2 frilled lizards
  3 goblins
  20 kobolds
  7 rats
255 creatures vanquished.

Vanquished Creatures (others)
  19 fungi
  21 plants
  2 withered plants (D:5)
42 creatures vanquished.

Grand Total: 297 creatures vanquished

Notes
Turn   | Place    | Note
-------+----------+-------------------------------------------
     0 | D:1      | jasper the Formicid Fighter began the quest for the Orb.
     0 | D:1      | Reached XP level 1. HP: 18/18 MP: 1/1
   311 | D:1      | Reached XP level 2. HP: 24/24 MP: 2/2
   596 | D:1      | Found a faded altar of an unknown god.
   606 | D:1      | Found a faded altar of an unknown god.
   846 | D:1      | Reached XP level 3. HP: 27/29 MP: 3/3
  1323 | D:2      | Reached XP level 4. HP: 34/35 MP: 4/4
  1351 | D:2      | Noticed Terence
  1367 | D:2      | Killed Terence
  1616 | D:2      | Reached XP level 5. HP: 35/41 MP: 5/5
  1744 | D:2      | Reached skill level 5 in Axes
  1857 | D:2      | Found a burning altar of Makhleb.
  2362 | D:3      | Found a snail-covered altar of Cheibriados.
  2400 | D:3      | Became a worshipper of Cheibriados the Contemplative
  2626 | D:3      | Found a blossoming altar of Fedhas.
  2776 | D:3      | Found an ornate altar of the Wu Jian Council.
  2789 | D:3      | Found Esowu Qett's Assorted Antiques.
  2797 | D:3      | Bought a scroll labelled GUTIR LYTEIF for 29 gold pieces
  2797 | D:3      | Bought a smoky pink potion for 26 gold pieces
  2797 | D:3      | Bought a scroll of identify for 58 gold pieces
  3031 | D:3      | Found a transporter.
  3039 | D:3      | Found a transporter.
  3127 | D:3      | Found a bloodstained altar of Trog.
  3238 | D:4      | Found Zeulapt's Distillery.
  3244 | D:4      | Bought a potion of curing for 33 gold pieces
  3288 | D:4      | Reached XP level 6. HP: 47/47 MP: 6/6
  3374 | D:4      | Reached * piety under Cheibriados
  3645 | D:4      | Found a staircase to the Ecumenical Temple.
  3665 | D:4      | Reached XP level 7. HP: 37/52 MP: 7/7
  4317 | D:5      | Entered Level 5 of the Dungeon
  4317 | D:5      | Noticed Sigmund
  4595 | D:5      | Reached XP level 8. HP: 29/58 MP: 8/8
  4707 | D:5      | Killed Sigmund
  4902 | D:5      | Reached ** piety under Cheibriados
  4908 | D:5      | Reached skill level 10 in Axes
  4981 | D:5      | HP: 1/58 [wyvern skeleton (11)]
  5604 | D:5      | Found a runed translucent door.
  5605 | D:5      | Noticed HilariousDeathArtist's ghost (novice TeGl)
  5787 | D:6      | Found Zexkeu's Magic Scroll Shoppe.
  5791 | D:6      | Bought a scroll of fog for 24 gold pieces
  5832 | D:6      | Reached XP level 9. HP: 40/64 MP: 9/9
  5987 | D:6      | Noticed Edmund
  6000 | D:6      | Killed Edmund
  6001 | D:6      | Reached skill level 5 in Shields
  6069 | D:6      | Found a glowing drain.
  6091 | Sewer    | Entered a sewer
  6592 | Sewer    | Reached *** piety under Cheibriados
  7141 | D:6      | Found Lenn's Antique Weapon Emporium.
  7255 | D:6      | Found Mocsusag's Assorted Antiques.
  7309 | D:6      | Found Rootolih's Magic Scroll Shop.
  7384 | D:6      | Found Sises's Assorted Antiques.
  7954 | D:7      | Found an ancient bone altar of Kikubaaqudgha.
  7986 | D:7      | Reached **** piety under Cheibriados
  7995 | D:7      | Reached skill level 1 in Invocations
  8750 | D:7      | Reached skill level 1 in Dodging
  8766 | D:7      | Reached XP level 10. HP: 41/71 MP: 11/11
  9023 | D:7      | Reached skill level 2 in Invocations
  9493 | D:7      | Found a stormy altar of Qazlal.
  9495 | D:7      | Found a broken altar of Ashenzari.
  9496 | D:7      | Found a sparkling altar of Nemelex Xobeh.
  9937 | D:7      | Reached skill level 13 in Invocations
  9937 | D:7      | Reached XP level 11. HP: 77/77 MP: 11/20
 10223 | D:8      | Found Huhe's General Store.
 10265 | D:8      | Noticed a cyclops
 10276 | D:8      | Killed a cyclops
 10685 | D:8      | Found a basalt altar of Yredelemnul.
 11264 | D:9      | Reached ***** piety under Cheibriados
 11339 | D:9      | Noticed a two-headed ogre
 11344 | D:9      | Killed a two-headed ogre
 11463 | D:9      | Reached skill level 5 in Fighting
 11979 | D:10     | Entered Level 10 of the Dungeon
 11995 | D:10     | Reached skill level 5 in Armour
 12116 | D:10     | Found a shadowy altar of Dithmenos.
 12134 | D:10     | Found a sacrificial altar of Ru.
 12228 | D:6      | Bought a shiny tower shield for 247 gold pieces
 12519 | D:10     | Noticed Grum
 12529 | D:10     | Killed Grum
 12666 | D:10     | Reached skill level 10 in Shields
 13219 | D:11     | Found a staircase to the Lair.
 13222 | D:11     | Noticed a two-headed ogre
 13224 | D:11     | Noticed a skeletal warrior
 13229 | D:11     | Noticed a skeletal warrior
 13233 | D:11     | Reached XP level 12. HP: 74/86 MP: 21/21
 13236 | D:11     | Killed a two-headed ogre
 13237 | D:11     | Noticed a skeletal warrior
 13245 | D:11     | Killed a skeletal warrior
 13252 | D:11     | Killed a skeletal warrior
 13260 | D:11     | Slain by a skeletal warrior

Illustrated notes

Levels and vault maps discovered:
D:1:      enne_arrival_octagon_isle, layout_loops_ring,
          hellmonk_ecumenical_altar_the_god_not_taken, hex_tiny, minmay_bisected
D:2:      layout_loops_ring, basic_altar, uniq_terence
D:3:      layout_loops_ring, mainiacjoe_overflow_concentric_impassable,
          mainiacjoe_overflow_alcove_4, gammafunk_temple_overflow_arena,
          mainiacjoe_overflow_tiny_flanked, serial_shops,
          nicolae_shop_overgrown_old_shop, chequers_serial_rivers_micro_e
D:4:      layout_basic, minmay_temple_entry_wispy, minmay_door_square,
          small_statue_intersection, minmay_misc_feat_pillars, st_stairs_3,
          nicolae_stop_n_shop_1, minmay_misc_feat_iff, corexii_hall_statues_x,
          grunt_ministairs_11
D:5:      layout_basic, gammafunk_ghost_grave, uniq_sigmund
D:6:      layout_basic, serial_shops, nicolae_shop_statue_plus, kennysheep_mini,
          nicolae_lakefront_shop, shop, shop, portal_sewer_entry_f, uniq_edmund
D:7:      layout_basic, mainiacjoe_overflow_catwalk, grunt_temple_overflow_open
D:8:      layout_cave_pools, marbit_many_paths, serial_shops,
          nicolae_shop_waterfront
D:9:      layout_basic, skrybe_limestone_x, serial_bayou_pond_e
D:10:     layout_roguey, nicolae_ru_sacrificial_ziggurat,
          mainiacjoe_overflow_alcove_2, uniq_grum
D:11:     layout_layer_cave, due_lair_maze_entry_diamond, erik_orc_4

Skill      XL: |  1  2  3  4  5  6  7  8  9 10 11 12 |
---------------+-------------------------------------+-----
Axes           | 3 4 5 6 8 10 11 | 11.5
Shields        | 4 9 10 12 | 12.3
Invocations    | 1 13 | 13.0
Dodging        | 1 2 |  2.9
Fighting       | 4 5 |  5.1
Armour         | 4 5 |  5.0

Action                   |  1- 3 |  4- 6 |  7- 9 | 10-12 || total
-------------------------+-------+-------+-------+-------++-------
Melee: War axe           |    70 |   139 |   153 |       ||   362
       Dire flail        |       |       |   131 |       ||   131
       Battleaxe         |       |       |    77 |   203 ||   280
Throw: Stone             |       |     3 |    20 |       ||    23
 Abil: Dig               |     1 |     2 |    15 |       ||    18
Evoke: Wand              |       |       |     9 |     2 ||    11
  Use: Scroll            |     3 |     4 |     7 |     4 ||    18
       Potion            |       |     1 |     9 |     2 ||    12
 Stab: Invisible         |       |       |       |    18 ||    18
Armor: Scale mail        |    48 |    74 |    13 |       ||   135
       Chain mail        |       |       |   134 |    71 ||   205
Dodge: Dodged            |    36 |    74 |   108 |    72 ||   290
Block: Buckler           |    26 |    30 |       |       ||    56
       Kite shield       |       |       |   215 |   125 ||   340
       Tower shield      |       |       |       |   108 ||   108

Table legend: (Time is in decaauts)
 A = Elapsed time spent in this place.
 B = Non-inter-level travel time spent in this place.
 C = Inter-level travel time spent in this place.
 D = Time resting spent in this place.
 E = Time spent auto-exploring this place.
 F = Levels seen in this place.
 G = Mean time per level.
                   A        B        C        D        E       F      G
               +--------+--------+--------+--------+--------+-----+--------+
         Total |  17155 |  16055 |   1100 |   2807 |  10126 |  12 | 1429.6 |
       Dungeon |  16070 |  14970 |   1100 |   2694 |   9936 |  11 | 1460.9 |
         Sewer |   1085 |   1085 |      0 |    113 |    189 |   1 | 1085.0 |
               +--------+--------+--------+--------+--------+-----+--------+

Top non-repeatable levels by time:
     D:7: 2650 daAuts
     D:6: 1913 daAuts
     D:9: 1698 daAuts
     D:4: 1626 daAuts
    D:10: 1545 daAuts
     D:5: 1525 daAuts
     D:1: 1313 daAuts
     D:8: 1268 daAuts
     D:2: 1207 daAuts
     D:3: 1167 daAuts
   Sewer: 1085 daAuts
    D:11: 153 daAuts
